Map: Site Delta LE

Players

skullcrisis - Winner!

  • Race: Protoss Protoss
  • League: Platinum
  • Spawn Location: 11:00

Subwayeatn

  • Race: Zerg Zerg
  • League: Platinum
  • Spawn Location: 5:00

VOD

Have the link to the VOD?

Description

Time

  • Played on: Nov. 11, 2023, 1:55 p.m.
  • Length: 9:24
Show
View Real Time Build Order
Export as new Build Order

skullcrisis Protoss - Winner!

Build Orders: 1 Gate Expand, Zealot Archon 

Get SALT Encoding   

  12  0:00  Probe  
  13  0:13  Probe  
  14  0:21  Pylon  
  14  0:25  Probe (Chrono Boost)  
  15  0:38  Probe (Chrono Boost)  
  15  0:40  Gateway  
  16  0:47  Probe  
  17  0:50  Assimilator  
  17  1:02  Probe  
  18  1:14  Probe  
  19  1:26  Probe  
  19  1:30  Cybernetics Core  
  20  1:41  Nexus  
  20  1:53  Gateway  
  20  1:58  Pylon  
  20  2:04  Assimilator  
  20  2:08  Adept  
  20  2:11  Warp Gate  
  22  2:17  Probe (Chrono Boost)  
  23  2:28  Probe (Chrono Boost)  
  24  2:33  Probe (Chrono Boost)  
  25  2:38  Adept  
  25  2:41  Stalker  
  25  2:44  Probe (Chrono Boost)  
  30  2:49  Robotics Facility  
  30  2:52  Probe (Chrono Boost)  
  30  2:57  Probe (Chrono Boost)  
  32  3:03  Probe (Chrono Boost)  
  33  3:08  Sentry  
  35  3:18  Stalker  
  37  3:20  Probe x2  
  39  3:32  Probe  
  40  3:39  Immortal  
  42  3:45  Zealot  
  42  3:48  Probe  
  42  3:49  Probe  
  42  3:55  Pylon  
  44  4:01  Assimilator  
  44  4:03  Assimilator  
  44  4:05  Sentry  
  46  4:10  Pylon  
  46  4:15  Probe (Chrono Boost)  
  46  4:16  Twilight Council  
  48  4:17  Probe (Chrono Boost)  
  48  4:21  Probe (Chrono Boost)  
  49  4:25  Probe  
  50  4:46  Gateway, Probe (Chrono Boost)  
  50  4:51  Gateway, Probe (Chrono Boost)  
  50  4:52  Templar Archives  
  52  4:53  Gateway  
  52  4:56  Gateway  
  52  5:04  Zealot  
  52  5:05  Zealot  
  56  5:08  Probe x2  
  58  5:15  Pylon  
  58  5:18  Pylon  
  58  5:32  High Templar x2  
  62  5:37  Pylon  
  62  5:40  Charge  
  62  5:45  Zealot  
  62  5:49  Archon  
  64  5:52  High Templar x2  
  64  5:53  Probe (Chrono Boost)  
  64  5:57  Gateway  
  70  5:59  Probe (Chrono Boost), Archon  
  70  6:00  Gateway  
  70  6:04  Zealot  
  72  6:08  Probe (Chrono Boost)  
  72  6:09  Probe (Chrono Boost)  
  74  6:11  Gateway  
  74  6:14  Gateway  
  74  6:16  Pylon, Probe (Chrono Boost)  
  76  6:18  Probe (Chrono Boost)  
  76  6:19  High Templar x2  
  76  6:24  Archon  
  80  6:26  Zealot  
  80  6:27  Zealot  
  80  6:32  Pylon  
  84  6:36  High Templar x2  
  88  6:40  Archon  
  88  6:59  Nexus  
  88  7:03  High Templar x2  
  88  7:05  Zealot x3  
  88  7:06  Zealot  
  88  7:08  Archon  
  100  7:15  Zealot  
  102  7:18  Pylon  
  102  7:19  Pylon  
  102  7:21  Pylon  
  102  7:36  Probe x2  
  104  7:45  High Templar  
  104  7:46  Zealot x2  
  104  7:47  Zealot x5  
  104  7:48  Probe  
  104  7:49  High Templar  
  123  7:53  Archon  
  123  8:06  Pylon  
  123  8:08  Gateway x2  
  123  8:11  Immortal, High Templar x2  
  131  8:16  Archon  
  131  8:17  Probe (Chrono Boost)  
  134  8:22  Probe x2 (Chrono Boost)  
  133  8:30  Probe (Chrono Boost)  
  134  8:36  Zealot x5  
  134  8:37  Zealot  
  146  8:42  Probe (Chrono Boost)  
  146  8:47  Probe x2 (Chrono Boost)  
Show
View Real Time Build Order
Export as new Build Order

Subwayeatn Zerg 

Build Orders: 3 Hatch before Pool 

Get SALT Encoding   

  12  0:00  Drone  
  13  0:12  Drone  
  14  0:34  Hatchery  
  13  0:37  Drone  
  14  1:03  Hatchery  
  13  1:09  Drone  
  14  1:22  Spawning Pool  
  13  1:25  Drone  
  13  1:29  Extractor  
  13  1:31  Drone  
  15  1:38  Overlord  
  15  2:08  Zergling x2  
  15  2:11  Queen  
  18  2:16  Drone x2  
  18  2:18  Drone  
  18  2:19  Drone  
  22  2:27  Zergling x2  
  22  2:28  Zergling x6  
  26  2:34  Zergling x4  
  28  2:41  Queen  
  28  2:43  Zergling x4  
  32  2:46  Zergling x2  
  33  2:52  Overlord  
  33  2:59  Zergling x2  
  34  3:18  Zergling x14  
  37  3:39  Queen  
  38  3:53  Drone x4  
  42  4:02  Overlord  
  42  4:03  Overlord  
  42  4:15  Extractor x2, Queen  
  42  4:19  Extractor  
  42  4:20  Queen  
  42  4:22  Drone x6  
  49  4:25  Drone  
  49  4:27  Drone  
  49  4:30  Drone  
  52  4:32  Drone  
  53  4:42  Overlord  
  53  5:06  Spore Crawler  
  52  5:09  Spore Crawler  
  52  5:11  Spore Crawler  
  50  5:20  Queen x2  
  56  5:40  Metabolic Boost  
  56  5:43  Lair  
  56  5:49  Drone x12  
  66  5:59  Spine Crawler  
  65  6:06  Drone  
  65  6:08  Overlord  
  65  6:11  Overlord  
  66  6:17  Baneling Nest  
  65  6:18  Drone  
  66  6:29  Zergling x2  
  66  6:31  Drone x8  
  66  6:32  Drone x3  
  78  6:45  Drone x4  
  82  6:50  Extractor  
  82  6:51  Evolution Chamber  
  82  6:52  Evolution Chamber  
  82  6:53  Drone x3  
  81  6:54  Hydralisk Den  
  81  7:00  Overlord x2  
  74  7:06  Zergling x8  
  78  7:26  Hydralisk  
  78  7:27  Hydralisk x7  
  94  7:30  Zerg Missile Weapons Level 1  
  94  7:36  Hydralisk  
  97  7:46  Overlord x2  
  97  7:57  Hydralisk  
  91  8:19  Hatchery  
  90  8:31  Hydralisk  
  90  8:32  Hydralisk x8  
  98  8:56  Hydralisk x3  
  104  9:06  Overlord x3  
Tags
 
Add a new tag
Caveats
  • Supply blocks, unpowered buildings, or Contaminate may cause inaccurate times.
  • Supply counts are checked every 10 seconds.